← All builds
Suicide front / Armada / Factory first / OBSERVED BUILD

Standard suicide front

Armada Suicide front build order · Supreme Isthmus

The role's baseline: Bot Lab at 0:21 then straight into reclaim-fed T1 bot production to contest the middle and hold until T2 arrives, with an Advanced Metal Extractor around 9:45.

#rush · 2020 distinct matches · 232 players · 71% of Armada Suicide front games · team won 59% of 2395 · Recently observed

HOW TO PLAY IT

Key timing: Bot Lab by 0:20

  1. Open with mex and lab-first to get Bot Lab up by 0:20.
  2. Expand mex and wind while lab pumps units toward middle.
  3. Push Sentry and early Rocketeer, Centurion to contest middle.
  4. Get T2 constructor out once Pond's boost lets you spare metal.
  5. Upgrade mex to Advanced Metal Extractor as you transition off T1 spam.

Phase by phase

TYPICAL OF ITS 2020 GAMES
  1. 1
  2. 2
  3. 3
PLAY THE OPENING

Follow the example game's first 6:00 step by step: what to build now, what comes next, and where it goes. At 1× it keeps pace with your own game.

  1. 1

    Bot Lab first

    Order
    1. Bot LabBot Lab done ~0:21, middle half 0:20–0:33

    Some games also: mex (44%)

  2. 2

    Bot Lab to 5:00

    Economy
    • Metal Extractor5Mex
    • Wind Turbine4Wind
    Builders
    • Construction Bot3 Con bot
    • Lazarus2 Lazarus
    Army
    • Sentry4 Sentry
    • Rocketeer16 Rocketeer
    • Tick2 Tick
    • Centurion1 Centurion
    Other
    • Radar Tower1 Radar Tower

    Some games also: pawn (37%) · con turret (34%)

    By 5:00 in all: 5 mex · 4 wind

    The example game in this phase · 37 steps
    1. TickTick
    2. Wind
    3. LazarusLazarus
    4. Mex
    5. Wind
    6. LazarusLazarus
    7. PawnPawn ×2
    8. Wind
    9. PawnPawn ×3
    10. Construction BotCon bot
    11. PawnPawn
    12. RoverScout
    13. PawnPawn
    14. Con turret
    15. RocketeerRocketeer
    16. Mex
    17. LazarusLazarus
    18. RocketeerRocketeer
    19. PawnPawn
    20. SentrySentry
    21. CenturionCenturion
    22. Mex
    23. SentrySentry
    24. Radar TowerRadar Tower
    25. Wind
    26. CenturionCenturion
    27. SentrySentry
    28. LazarusLazarus
    29. Wind ×3
    30. CenturionCenturion
    31. Wind ×3
    32. Construction BotCon bot
    33. Wind
    34. CenturionCenturion
    35. Wind
    36. CenturionCenturion
    37. Wind
  3. 3

    5:00 to 10:00

    Economy
    • Metal Extractor1Mex
    • Wind Turbine15Wind
    Builders
    • Construction Turret2 Con turret
    • Lazarus2 Lazarus
    • Construction Bot1 Con bot
    Army
    • Sentry1 Sentry
    • Rocketeer8 Rocketeer

    Some games also: pawn (49%) · Radar Tower (46%) · tick (45%) · centurion (44%) · energy storage (43%) · eat Bot Lab (31%)

    By 10:00 in all: 6 mex · 21 wind · 1 energy storage · 2 con turret

    The example game in this phase · 77 steps
    1. SentrySentry
    2. LazarusLazarus
    3. CenturionCenturion
    4. Wind ×2
    5. Construction BotCon bot
    6. Wind ×2
    7. SentrySentry
    8. CenturionCenturion
    9. Wind ×2
    10. CenturionCenturion
    11. Con turret
    12. Wind ×3
    13. LazarusLazarus
    14. Wind
    15. BeamerBeamer
    16. Converter
    17. CenturionCenturion
    18. Wind
    19. Converter
    20. BlitzBlitz
    21. Wind
    22. Converter
    23. Wind
    24. BlitzBlitz
    25. Converter
    26. Con turret
    27. Construction BotCon bot
    28. Wind
    29. BlitzBlitz
    30. Converter ×2
    31. Wind
    32. BlitzBlitz
    33. CenturionCenturion
    34. GauntletGauntletdone 10:58
    35. Converter
    36. Wind
    37. AnemoneAnemone
    38. Wind
    39. Converter ×2
    40. Wind
    41. AnemoneAnemone
    42. Wind
    43. Converter ×2
    44. Wind
    45. LazarusLazarus
    46. Construction BotCon bot
    47. Wind
    48. Mex
    49. Bot LabEat Bot Labreclaimed for its metal
    50. Converter
    51. Wind
    52. Advanced Metal ExtractorT2 mexdone 11:47 · typical 9:46
    53. Wind ×2
    54. Con turret
    55. Wind
    56. BlitzBlitz
    57. BeamerBeamer
    58. Wind ×2
    59. BlitzBlitz
    60. Advanced Metal ExtractorT2 mex
    61. BlitzBlitz
    62. AnemoneAnemone
    63. BlitzBlitz
    64. Advanced Metal ExtractorT2 mex ×2
    65. Wind ×3
    66. Con turret
    67. Wind
    68. RattlesnakeRattlesnakedone 14:29
    69. BlitzBlitz
    70. Wind
    71. ShipyardShipyarddone 14:22
    72. Wind ×3
    73. DolphinDolphin ×2
    74. Advanced Radar TowerAdvanced Radar Tower
    75. DolphinDolphin
    76. BeamerBeamer
    77. DolphinDolphin

Counts are medians over the build's games: half of them build more, half fewer. The example game is LegionMC's (34 OS, 21/08/2026); pick another.

Team trades

IN AT LEAST 30% OF ITS GAMES

You hand over

Nothing regular.

You get

  • Tidal Generator4 Tidal from Pondfirst at 0:11 · in 68% of games
  • Advanced Construction Bot1 T2 con bot from Geo or Techfirst at 7:41 · in 57% of games

How it plays out

Typical game of this build, running totals by minute

Metal produced

010k20k
0:005:0010:0015:00

metal

Enemy metal destroyed

05k10k
0:005:0010:0015:00

metal

Own metal lost

05k10k
0:005:0010:0015:00

metal

2395 games.

Show as table
ByMetal produced: This buildEnemy metal destroyed: This buildOwn metal lost: This build
1:0023000
2:0088600
3:002007184130
4:003108643501
5:0041841352998
6:00534921831707
7:00654430512590
8:00776039353502
9:00903546904383
10:001041253145163
11:001188958585965
12:001358364066686
13:001540468757453
14:001729875038214
15:001929281099007
WHAT THE NUMBERS SAY

Standard Suicide front play wins a bit over half its games while taking the heaviest own losses of any role by 15:00.

  • + Produces 20142 metal by 15:00, highest of the front roles.
  • + First kill by 2:01 in all games, fastest contest of middle.
  • − Own metal lost hits 9178 by 15:00, more than enemy metal destroyed.
  • − Only 34% Rocketeer share shows army spread thin across many bot types.
THE EXAMPLE YOU ARE READING

LegionMC

33.5 OS · 21/08/2026

Open source match ↗

8 received units · includes a constructor
13 metal received · 5435 energy received

Allied construction assistance is unknown. Timings are observations, not a promise of solo reproducibility.

Typical milestones

Bot Lab0:21Middle 50%: 0:20–0:33 · n=2387
Advanced Metal Extractor9:46Middle 50%: 8:50–10:58 · n=1732

Played most by

_X_262games of this buildPlatinumBlonde188games of this buildXad165games of this buildTrapCaT109games of this buildImmort80games of this build